 Dungeon Crawl Stone Soup version 0.22-a0-580-gd5db89c09a (webtiles) character file.

52234 PikkenKukken the Pandemonic (level 14, -9/111 HPs)
             Began as a Demonspawn Fighter on July 2, 2018.
             Was a High Priest of Makhleb.
             Mangled by a sun demon (16 damage)
             ... summoned by an orc sorcerer
             ... on level 1 of the Orcish Mines.
             The game lasted 01:31:52 (25740 turns).

PikkenKukken the Pandemonic (Demonspawn Fighter)   Turns: 25740, Time: 01:31:52

Health: -9/111     AC: 27    Str: 19    XL:     14   Next: 26%
Magic:  22/22      EV:  4    Int:  9    God:    Makhleb [*****.]
Gold:   1258       SH: 13    Dex: 19    Spells: 13/13 levels left

rFire    . . .     SeeInvis .   a - +1 long sword
rCold    . . .     Gourm    .   c - +1 shield
rNeg     + . .     Faith    .   H - +1 crystal plate armour
rPois    .         Spirit   .   (helmet restricted)
rElec    .         Reflect  .   I - scarf {repulsion}
rCorr    .         Harm     .   L - +2 pair of gloves
MR       +....     Rnd*Rage +   (boots unavailable)
Stlth    ..........             D - amulet of regeneration
HPRegen  0.68/turn              l - ring of positive energy
MPRegen  0.18/turn              M - +3 ring of dexterity

@: berserk cooldown, drained, repel missiles
A: antennae 1, fangs 1, hooves 3, icy blue scales 2, berserk 1, demonic guardian
1, nightstalker 2
a: Minor Destruction, Lesser Servant of Makhleb, Major Destruction, Greater
Servant of Makhleb, Renounce Religion


You were on level 1 of the Orcish Mines.
You worshipped Makhleb.
Makhleb was extremely pleased with you.
You were not hungry.

You visited 3 branches of the dungeon, and saw 18 of its levels.

You collected 1342 gold pieces.
You spent 84 gold pieces at shops.

Inventory:

Hand Weapons
 a - a +1 long sword (weapon)
Missiles
 g - 7 tomahawks (quivered)
 E - 109 bolts
 O - 3 javelins
Armour
 c - a +1 shield (worn)
 n - the +2 pair of boots of the Morning Star {rPois}
   (You found it on level 4 of the Dungeon)

   It protects you from poison.
 v - a +0 chain mail
 A - a +0 plate armour
 H - a +1 crystal plate armour (worn)
 I - a scarf of repulsion (worn)
 J - a +2 buckler
 K - a +0 pair of gloves
 L - a +2 pair of gloves (worn)
 Q - a +3 plate armour of fire resistance
Jewellery
 l - a ring of positive energy (left hand)
 t - an uncursed ring of loudness
 D - an amulet of regeneration (around neck)
 G - an uncursed ring of stealth
 M - a +3 ring of dexterity (right hand)
Wands
 u - a wand of disintegration (14)
Scrolls
 d - 3 scrolls of blinking
 e - a scroll of magic mapping
 h - 6 scrolls of remove curse
 k - 13 scrolls of identify
 p - 2 scrolls of immolation
 r - 2 scrolls of enchant weapon
 s - 5 scrolls of teleportation
 y - 5 scrolls of amnesia
 B - 2 scrolls of enchant armour
 C - 4 scrolls of fog
 N - 2 scrolls of fear
 P - a scroll of noise
Potions
 b - a potion of agility
 i - 3 potions of brilliance
 j - 2 potions of heal wounds
 m - a potion of magic
 o - 4 potions of curing
 q - 2 potions of flight
 w - 2 potions of lignification
 x - 2 potions of ambrosia
 z - 2 potions of might
 F - 2 potions of cancellation
Comestibles
 f - 47 rations


   Skills:
 + Level 10.9(10.5) Fighting
 + Level 9.9(9.5) Long Blades
 + Level 9.4(9.1) Throwing
 + Level 10.1(9.7) Armour
 - Level 4.1(3.8) Dodging
 + Level 10.0(9.7) Shields
 + Level 11.9(11.5) Invocations


You had 13 spell levels left.
You didn't know any spells.
Your spell library contained the following spells:

 Spells                   Type           Power        Failure   Level  Hunger
 Apportation              Tloc           #.....       100%        1    ##.....
 Lightning Bolt           Conj/Air       #.........   100%        5    ######.
 Summon Small Mammal      Summ           #...         100%        1    ##.....
 Summon Horrible Things   Summ           #.........   100%        8    #######
 Animate Dead             Necr           N/A          100%        4    #####..
 Pain                     Necr           #...         100%        1    ##.....
 Animate Skeleton         Necr           N/A          100%        1    ##.....
 Vampiric Draining        Necr           #.........   100%        3    ####...
 Regeneration             Chrm/Necr      #.........   100%        3    ####...
 Summon Greater Demon     Summ           #.........   100%        7    #######
 Stone Arrow              Conj/Erth      #.....       100%        3    ####...
 Shock                    Conj/Air       #...         100%        1    ##.....
 Swiftness                Chrm/Air       #.......     100%        2    ###....
 Airstrike                Air            #.........   100%        4    #####..
 Confusing Touch          Hex            #.....       100%        1    ##.....
 Passwall                 Tmut/Erth      #.......     100%        2    ###....
 Silence                  Hex/Air        #.........   100%        5    ######.
 Static Discharge         Conj/Air       #.......     100%        3    ####...
 Lee's Rapid Deconstruct  Erth           #.........   100%        5    ######.
 Sandblast                Erth           #.....       100%        1    ##.....
 Monstrous Menagerie      Summ           #.........   100%        7    #######
 Petrify                  Tmut/Erth      #.......     100%        4    #####..
 Malign Gateway           Summ/Tloc      #.........   100%        7    #######
 Summon Lightning Spire   Summ/Air       #.......     100%        4    #####..
 Summon Guardian Golem    Hex/Summ       #.......     100%        3    ####...


Dungeon Overview and Level Annotations

Branches:
Dungeon (10/15)            Temple (0/1) D:5            Lair (6/6) D:10
  Swamp (0/4) Lair:3       Spider (0/4) Lair:2        Slime (0/5) Lair:6
    Orc (2/2) D:9
    Elf: Orc:2

Altars:
Cheibriados
Dithmenos
Fedhas
Gozag
Hepliaklqana
Kikubaaqudgha
Makhleb
Qazlal
Wu Jian
Xom
Yredelemnul
Zin
Jiyva

Shops:
D:2 *   D:4 *   D:6 (   D:8 (

Annotations:
Lair:1 exclusion: 2 oklob plants


Innate Abilities, Weirdness & Mutations

You have hooves in place of feet.
You are mostly covered in icy blue scales. (AC +3)
A weak demonic guardian rushes to your aid.
You are significantly more attuned to the shadows.
You have a pair of small antennae on your head.
You have very sharp teeth.
You tend to lose your temper in combat.


Message History

The magic dart hits you! You block the orc sorcerer's attack.
Your shadow imp barely misses the orc sorcerer.
The sun demon hits you!
You are engulfed in flames!
You hit the orc sorcerer but do no damage.
You kick the orc sorcerer, but do no damage.
The orc sorcerer is moderately wounded.
You block the orc wizard's attack. You block the orc sorcerer's attack.
The sun demon hits you!
You are engulfed in flames!
* * * LOW HITPOINT WARNING * * *
Your shadow imp hits the orc sorcerer.
You closely miss the orc sorcerer. Your kick misses the orc sorcerer.
The orc sorcerer is moderately wounded.
You block the orc wizard's attack.
The orc sorcerer gestures at you while chanting.
The bolt of fire hits you!
* * * LOW HITPOINT WARNING * * *
The sun demon hits you!
* * * LOW HITPOINT WARNING * * *
You are engulfed in flames!
You die...

####....#####)..####...
##...#.........#..#.#...
#.....###...).##......#.
###.....#.)[..###.....###
#......###<)..# ##....#
####....#..###..## ###..#
#....[####..###.# ####
##..[.####35[.###
#..)).#..o@###
#....###.)#o#
####.....#### ##....#
#....# ###.## ###


You could see a sun demon, an orc sorcerer, an orc wizard and a friendly shadow
imp.

Vanquished Creatures
  An orc warlord (D:9)
  4 hydras
  2 two-headed ogres
  The ghost of Iratt the Grappler, a journeyman VSMo of Elyvilon (Lair:2)
  4 orc high priests
  5 death yaks
  2 orc knights (Orc:1)
  2 orc sorcerers (Orc:1)
  11 elephants
  5 black mambas
  Maurice (D:10)
  A centaur zombie (D:10)
  2 torpor snails
  13 spiny frogs
  4 rime drakes
  3 komodo dragons (Lair:6)
  2 trolls
  7 polar bears
  2 hornets (Lair:6)
  2 blink frogs (Lair:6)
  2 raiju
  9 hippogriffs
  2 redbacks (Lair:6)
  26 yaks
  14 wyverns
  A wraith (D:10)
  A basilisk (Lair:2)
  6 wargs
  13 hell hounds
  16 water moccasins
  18 orc warriors
  11 porcupines
  3 sky beasts
  3 ice beasts
  5 phantoms
  14 ogres
  24 wolves
  11 black bears
  6 centaurs
  5 crocodiles
  A big kobold (D:4)
  2 bullfrogs
  A wyvern zombie (D:5)
  5 scorpions
  A howler monkey (D:4)
  3 crimson imps
  A bullfrog zombie (D:6)
  2 orc priests
  2 bullfrog skeletons
  4 hounds
  A jelly (D:5)
  3 centaur skeletons
  4 iguanas
  10 orc wizards
  9 worker ants
  A hound skeleton (D:10)
  A hound zombie (D:8)
  A worker ant zombie (D:9)
  7 gnolls
  6 adders
  3 shadow imps
  An adder skeleton (D:7)
  5 worms
  2 dart slugs (D:1)
  6 leopard geckos
  43 orcs
  2 ball pythons
  7 giant cockroaches
  6 goblins
  7 hobgoblins
  16 jackals
  30 kobolds
  2 quokkas
  7 bats
  3 frilled lizards
  2 giant cockroach zombies (D:5)
  A leopard gecko zombie (D:7)
  A quokka skeleton (D:4)
  A quokka zombie (D:5)
  10 rats
  A butterfly (Lair:2)
  A plant (D:4)
486 creatures vanquished.

Vanquished Creatures (collateral kills)
  A hydra (Lair:5)
  A death yak (Lair:6)
  An orc sorcerer (Orc:1)
  A wolf spider (Lair:6)
  A guardian serpent (Lair:6)
  3 elephants
  A black mamba (Lair:6)
  A komodo dragon (Lair:1)
  4 spiny frogs
  2 polar bears (Lair:4)
  3 hippogriffs
  2 blink frogs
  A redback (Lair:6)
  2 wyverns (Lair:6)
  2 hell hounds (Lair:6)
  2 wolves
  2 centaurs (D:10)
  A plant (Lair:6)
31 creatures vanquished.

Vanquished Creatures (others)
  2 bushes (Lair:6)
  32 fungi
  47 plants
81 creatures vanquished.

Grand Total: 598 creatures vanquished

Notes
Turn   | Place    | Note
-------+----------+-------------------------------------------
     0 | D:1      | PikkenKukken the Demonspawn Fighter began the quest for the Orb.
     0 | D:1      | Reached XP level 1. HP: 18/18 MP: 1/1
   151 | D:1      | Gained mutation: You are partially covered in icy blue scales. (AC +2) [demonic ancestry]
   151 | D:1      | Reached XP level 2. HP: 24/24 MP: 2/2
   169 | D:1      | You fall through a shaft!
   228 | D:2      | Gained mutation: You have large cloven feet. [demonic ancestry]
   228 | D:2      | Reached XP level 3. HP: 25/29 MP: 3/3
   278 | D:2      | Found Zin's Purification Station.
   353 | D:1      | Reached skill level 1 in Dodging
  1104 | D:2      | Reached XP level 4. HP: 35/35 MP: 4/4
  1263 | D:2      | Found a glowing silver altar of Zin.
  1391 | D:2      | Found an ornate altar of the Wu Jian Council.
  1568 | D:3      | Found a basalt altar of Yredelemnul.
  2148 | D:4      | Identified the Reference Book on Calling and the Birds
  2269 | D:4      | Reached XP level 5. HP: 19/42 MP: 5/5
  2523 | D:4      | Got a pair of pitted boots
  2529 | D:4      | Identified the +2 pair of boots of the Morning Star {rPois} (You found it on level 4 of the Dungeon)
  2560 | D:4      | Reached skill level 1 in Throwing
  2583 | D:4      | Reached XP level 6. HP: 22/48 MP: 6/6
  2957 | D:4      | Found Maseifroro's Assorted Antiques.
  2963 | D:4      | Bought a scroll of identify for 42 gold pieces
  2963 | D:4      | Bought a scroll of identify for 42 gold pieces
  3596 | D:5      | Entered Level 5 of the Dungeon
  3699 | D:5      | Found a burning altar of Makhleb.
  3708 | D:5      | Became a worshipper of Makhleb the Destroyer
  3874 | D:5      | Gained mutation: You are mostly covered in icy blue scales. (AC +3) [demonic ancestry]
  3874 | D:5      | Reached XP level 7. HP: 44/55 MP: 7/7
  3980 | D:5      | Found a staircase to the Ecumenical Temple.
  3996 | D:5      | Gained mutation: You expend magic power (3 MP) to strengthen your wands. [potion of mutation]
  3996 | D:5      | Gained mutation: Your mind is acute. (Int +2) [potion of mutation]
  3996 | D:5      | Gained mutation: Your flesh is heat resistant. (rF+) [potion of mutation]
  4120 | D:5      | Found a blossoming altar of Fedhas.
  4300 | D:5      | Found a shadowy altar of Dithmenos.
  4726 | D:6      | Found Olyfaizi's Weapon Boutique.
  5021 | D:6      | Reached skill level 1 in Invocations
  5318 | D:6      | Reached XP level 8. HP: 55/61 MP: 9/9
  5468 | D:6      | Reached skill level 2 in Invocations
  5494 | D:6      | Found a hazy altar of Hepliaklqana.
  5523 | D:6      | Reached skill level 5 in Fighting
  5758 | D:5      | Reached skill level 3 in Invocations
  6253 | D:7      | Reached skill level 4 in Invocations
  6674 | D:7      | Reached * piety under Makhleb
  6706 | D:7      | Found a stormy altar of Qazlal.
  6763 | D:7      | HP: 2/63 [ogre/giant club (20)]
  7124 | D:7      | Reached skill level 5 in Armour
  7124 | D:7      | Reached skill level 5 in Invocations
  7124 | D:7      | Reached XP level 9. HP: 68/68 MP: 12/12
  7346 | D:7      | Reached skill level 5 in Shields
  8463 | D:8      | Found an opulent altar of Gozag.
  8482 | D:8      | Reached skill level 6 in Invocations
  8596 | D:8      | Found Zecradd's Antique Weapon Shop.
  8796 | D:8      | Reached skill level 5 in Long Blades
  9349 | D:8      | Noticed a two-headed ogre
  9357 | D:8      | Killed a two-headed ogre
  9357 | D:8      | Gained mutation: You are slightly more attuned to the shadows. [demonic ancestry]
  9357 | D:8      | Reached XP level 10. HP: 77/77 MP: 14/14
  9811 | D:8      | Reached skill level 5 in Throwing
 10519 | D:9      | Found a stormy altar of Qazlal.
 10533 | D:9      | Noticed a two-headed ogre
 10691 | D:9      | Found a staircase to the Orcish Mines.
 11078 | D:9      | Found an ancient bone altar of Kikubaaqudgha.
 11079 | D:9      | Noticed a two-headed ogre
 11088 | D:9      | Killed a two-headed ogre
 11088 | D:9      | Reached ** piety under Makhleb
 11388 | D:10     | Entered Level 10 of the Dungeon
 11621 | D:10     | Gained mutation: A weak demonic guardian rushes to your aid. [demonic ancestry]
 11621 | D:10     | Reached XP level 11. HP: 85/85 MP: 15/15
 11840 | D:10     | Found a staircase to the Lair.
 11866 | D:10     | Noticed Maurice
 11911 | D:10     | Killed Maurice
 12964 | D:10     | Found a snail-covered altar of Cheibriados.
 13144 | Lair:1   | Entered Level 1 of the Lair of Beasts
 14081 | Lair:1   | Noticed an oklob plant
 14081 | Lair:1   | Noticed an oklob plant
 14298 | Lair:2   | Reached skill level 7 in Invocations
 14375 | Lair:2   | Found a hole to the Spider Nest.
 14418 | Lair:2   | Found a large runed door.
 14418 | Lair:2   | Found a large runed door.
 14477 | Lair:2   | Noticed Iratt's ghost (journeyman VSMo)
 14583 | Lair:1   | Reached *** piety under Makhleb
 15965 | Lair:3   | Reached skill level 8 in Invocations
 16224 | Lair:3   | Found a staircase to the Swamp.
 16605 | Lair:4   | Gained mutation: You have hoof-like feet. [demonic ancestry]
 16605 | Lair:4   | Reached XP level 12. HP: 81/94 MP: 18/18
 16638 | Lair:4   | Lost mutation: You expend magic power (3 MP) to strengthen your wands. [potion of mutation]
 16638 | Lair:4   | Lost mutation: Your mind is acute. (Int +2) [potion of mutation]
 16638 | Lair:4   | Lost mutation: Your flesh is heat resistant. (rF+) [potion of mutation]
 16638 | Lair:4   | Gained mutation: You tend to lose your temper in combat. [potion of mutation]
 16638 | Lair:4   | Gained mutation: You have a pair of small antennae on your head. [potion of mutation]
 16638 | Lair:4   | Gained mutation: You have very sharp teeth. [potion of mutation]
 16710 | Lair:4   | Found a shimmering altar of Xom.
 17566 | Lair:5   | Found a frozen archway.
 18035 | Lair:5   | Reached skill level 9 in Invocations
 18958 | Lair:6   | Entered Level 6 of the Lair of Beasts
 18958 | Lair:6   | Noticed an eight-headed hydra
 18986 | Lair:5   | Killed an eight-headed hydra
 19385 | Lair:6   | Found a viscous altar of Jiyva.
 19385 | Lair:6   | Found a staircase to the Slime Pits.
 19663 | Lair:6   | Noticed an eight-headed hydra
 19665 | Lair:6   | Noticed a five-headed hydra
 19678 | Lair:6   | Killed an eight-headed hydra
 19734 | Lair:5   | Killed a six-headed hydra
 20110 | Lair:5   | Gained mutation: You are significantly more attuned to the shadows. [demonic ancestry]
 20110 | Lair:5   | Reached XP level 13. HP: 77/102 MP: 20/20
 20216 | Lair:6   | Reached skill level 10 in Invocations
 20867 | Lair:5   | Reached **** piety under Makhleb
 21200 | Lair:6   | Reached skill level 10 in Fighting
 22888 | Lair:6   | Reached skill level 11 in Invocations
 23079 | Lair:6   | Reached ***** piety under Makhleb
 24379 | Lair:2   | Killed Iratt's ghost
 24480 | Orc:1    | Entered Level 1 of the Orcish Mines
 24556 | D:9      | Gained mutation: You have hooves in place of feet. [demonic ancestry]
 24556 | D:9      | Reached XP level 14. HP: 111/111 MP: 22/22
 24769 | Orc:2    | Entered Level 2 of the Orcish Mines
 25300 | Orc:2    | Reached skill level 10 in Armour
 25447 | Orc:1    | Reached skill level 10 in Shields
 25460 | Orc:2    | Noticed an orc warlord
 25643 | D:9      | Killed an orc warlord
 25740 | Orc:1    | Mangled by a sun demon

Vault maps used:
D:1:      moated_graveyard_arrival
D:2:      marbit_many_paths, zin_purify, minmay_circled_x
D:3:      yredelemnul_altar_generic, first_ration, kennysheep_boxes
D:4:      kennysheep_kobold_camp, serial_shops, nicolae_shop_stone
D:5:      lemuel_coloured_pillars_altar, lemuel_round_altar,
          minmay_temple_entry_purple_smoke, fedhas_altar_fruit_tree
D:6:      minmay_opposing_rooms, nicolae_overflow_hidden_temple, serial_shops,
          nicolae_shop_trees
D:7:      basic_altar, grunt_ogre_cave, kennysheep_potato
D:8:      serial_shops, shop, grunt_gozag_statues
D:9:      kennysheep_little_box, orc_0_dummy, dk_vineyard_3,
          grunt_qazlal_sundering
D:10:     grunt_lair_entry_orc_guard_hut, eino_tiny_chamber,
          minmay_misc_feat_plants, lemuel_centaur_altar, uniq_maurice
Lair:1:   lemuel_fruit_fields, minmay_lair_oklob_chamber
Lair:2:   dummy_spider_entry, ebering_ghost_disaster_area, lemuel_fruit_tree,
          serial_bayou_shore_b, lemuel_fruit_fields, lemuel_fruit_fields
Lair:3:   beast_lair_carwin_large_1, swamp_mist_pool, serial_bayou_pond_c
Lair:4:   basic_altar, serial_bayou_pond_d
Lair:5:   portal_ice_cave_rime
Lair:6:   hangedman_lair_tendril_chambers, hangedman_lair_caniforms_friends,
          dpeg_slime_entry_enclosed_altar
Orc:1:    basic_altar, uniq_snorg, uniq_harold
Orc:2:    grunt_orc_gardens, grunt_orc_garden, grunt_orc_garden,
          grunt_orc_garden, grunt_orc_garden, nicolae_volcano_entry_hallway,
          nicolae_orc_damp_corner, trog_book

Skill      XL: |  1  2  3  4  5  6  7  8  9 10 11 12 13 14 |
---------------+-------------------------------------------+-----
Long Blades    | 2 3 4 5 6 7 8 9 |  9.9
Shields        | 3 4 5 6 7 8 9 10 | 10.0
Armour         | 3 4 5 7 8 9 10 | 10.1
Dodging        | 1 2 3 4 |  4.1
Throwing       | 1 2 3 4 6 7 8 9 |  9.4
Fighting       | 4 5 6 7 8 9 10 | 10.9
Invocations    | 1 5 6 8 9 11 | 11.9

Action                   |  1- 3 |  4- 6 |  7- 9 | 10-12 | 13-15 || total
-------------------------+-------+-------+-------+-------+-------++-------
Melee: Long sword        |   115 |   236 |   460 |  1279 |  1214 ||  3304
       Kick              |     9 |    29 |       |    23 |   115 ||   176
       Bite              |       |       |       |    74 |   267 ||   341
Throw: Tomahawk          |       |    11 |    83 |   101 |    39 ||   234
       Javelin           |       |       |       |     3 |       ||     3
Invok: Minor Destruction |       |       |       |    24 |       ||    24
       Lesser Servant of |       |       |       |     6 |     6 ||    12
       Major Destruction |       |       |       |       |     4 ||     4
  Use: Potion            |     1 |     3 |     3 |     2 |     2 ||    11
       Scroll            |     4 |     9 |     6 |     7 |     3 ||    29
 Stab: Distracted        |       |       |       |    17 |     9 ||    26
  Eat: Chunk             |     1 |     8 |    12 |    12 |    10 ||    43
       Ration            |       |     1 |     2 |     7 |     3 ||    13
Armor: Scale mail        |    30 |       |       |       |       ||    30
       Chain mail        |    37 |   164 |   116 |     3 |       ||   320
       Plate armour      |       |       |   113 |   886 |   557 ||  1556
       Crystal plate arm |       |       |       |       |   394 ||   394
Dodge: Dodged            |    23 |    91 |    99 |   316 |   341 ||   870
       Deflected         |       |       |       |       |     1 ||     1
Block: Shield            |    72 |   150 |   255 |   895 |  1055 ||  2427
       Rpst.: Long sword |     7 |    28 |    25 |    85 |    87 ||   232

Table legend:
 A = Spawn XP
 B = Non-spawn XP
 C = Spawn XP percentage of total XP
 D = Spawn monster count
 E = Non-spawn monster count
 F = Spawn count percentage of total count
 G = Total turns spent on level
                    A         B        C        D         E        F      G
               +---------+---------+-------+---------+---------+-------+---------
         Total |       0 |   74621 |   0.0 |       0 |     514 |   0.0 | 25740
               +---------+---------+-------+---------+---------+-------+---------
           D:1 |       0 |      49 |   0.0 |       0 |      21 |   0.0 |   958
           D:2 |       0 |      70 |   0.0 |       0 |      21 |   0.0 |   612
           D:3 |       0 |      44 |   0.0 |       0 |      23 |   0.0 |   612
           D:4 |       0 |     416 |   0.0 |       0 |      45 |   0.0 |  1738
           D:5 |       0 |    1137 |   0.0 |       0 |      23 |   0.0 |  1562
           D:6 |       0 |     567 |   0.0 |       0 |      13 |   0.0 |  1618
           D:7 |       0 |    2249 |   0.0 |       0 |      35 |   0.0 |  1991
           D:8 |       0 |    2491 |   0.0 |       0 |      16 |   0.0 |  1751
           D:9 |       0 |    5661 |   0.0 |       0 |      27 |   0.0 |  1294
          D:10 |       0 |    3076 |   0.0 |       0 |      34 |   0.0 |  1868
        Lair:1 |       0 |    2355 |   0.0 |       0 |       9 |   0.0 |  1225
        Lair:2 |       0 |    3054 |   0.0 |       0 |      11 |   0.0 |  1210
        Lair:3 |       0 |    2699 |   0.0 |       0 |      14 |   0.0 |  1151
        Lair:4 |       0 |    3301 |   0.0 |       0 |      15 |   0.0 |   813
        Lair:5 |       0 |   14491 |   0.0 |       0 |      52 |   0.0 |  2625
        Lair:6 |       0 |   24896 |   0.0 |       0 |     111 |   0.0 |  3718
         Orc:1 |       0 |    5982 |   0.0 |       0 |      35 |   0.0 |   872
         Orc:2 |       0 |    2083 |   0.0 |       0 |       9 |   0.0 |   122
               +---------+---------+-------+---------+---------+-------+---------
